 Dungeon Crawl Stone Soup version 0.22.1 (webtiles) character file.

1334 geeseburger the Fighter (level 8, -13/60 HPs)
             Began as a Gargoyle Fighter on Sept 19, 2018.
             Hit by a large rock thrown by a cyclops (17 damage)
             ... on level 7 of the Dungeon.
             The game lasted 00:11:06 (5839 turns).

geeseburger the Fighter (Gargoyle Fighter)          Turns: 5839, Time: 00:11:07

Health: -13/60     AC: 19    Str: 22    XL:     8   Next: 61%
Magic:  8/8        EV:  7    Int:  9    God:
Gold:   188        SH:  0    Dex: 13    Spells: 7/7 levels left

rFire    . . .     SeeInvis .   b - +0 battleaxe
rCold    . . .     Gourm    .   (shield currently unavailable)
rNeg     + . .     Faith    .   o - +0 chain mail
rPois    ∞         Spirit   .   s - +2 hat
rElec    +         Reflect  .   (no cloak)
rCorr    .         Harm     .   (no gloves)
MR       .....                  t - +2 pair of boots
Stlth    ..........             (no amulet)
HPRegen  0.20/turn              i - +3 ring of slaying
MPRegen  0.11/turn              e - +4 ring of dexterity

@: no status effects
A: negative energy resistance 1, electricity resistance, unbreathing,
petrification resistance, rot immunity, AC +5
a: no special abilities


You were on level 7 of the Dungeon.
You were not hungry.

You visited 1 branch of the dungeon, and saw 7 of its levels.

You collected 243 gold pieces.
You spent 55 gold pieces at shops.

Inventory:

Hand Weapons
 a - a +0 flail
 b - a +0 battleaxe (weapon)
 n - a +0 glaive
Armour
 c - a +0 shield
 o - a +0 chain mail (worn)
 r - a cursed +0 large shield
 s - a +2 hat (worn)
 t - a +2 pair of boots (worn)
Jewellery
 e - a +4 ring of dexterity (right hand)
 i - a +3 ring of slaying (left hand)
 u - a +5 ring of intelligence {unknown}
Wands
 d - a wand of flame (25)
 k - a wand of disintegration (11)
Scrolls
 q - a scroll of fog
 v - a scroll of teleportation
Potions
 g - a potion of cancellation {unknown}
 h - 4 potions of curing
 j - a potion of brilliance {unknown}
 l - a potion of flight {unknown}
 m - 3 potions of resistance {unknown}
 p - a potion of ambrosia {unknown}
 w - a potion of heal wounds
Comestibles
 f - 13 rations


   Skills:
 * Level 11.4 Fighting
 - Level 2.0 Maces & Flails
 - Level 3.2 Armour
 - Level 3.2 Shields


You had 7 spell levels left.
You didn't know any spells.
Your spell library contained the following spells:

 Spells                   Type           Power        Failure   Level  Hunger
 Animate Skeleton         Necr           N/A          98%         1    ##.....
 Apportation              Tloc           #.....       98%         1    ##.....
 Confusing Touch          Hex            #.....       98%         1    ##.....
 Summon Small Mammal      Summ           #...         98%         1    ##.....


Dungeon Overview and Level Annotations

Branches:
Dungeon (7/15)
 Temple: D:4-7

Altars:
Ashenzari
Cheibriados
Elyvilon
Fedhas
Hepliaklqana
Kikubaaqudgha
Makhleb
Qazlal
Trog
Uskayaw
Xom
Zin
The Shining One

Shops:
D:6 !

Annotations:
D:7 Menkaure


Innate Abilities, Weirdness & Mutations

You are resistant to torment.
Your stone body is resilient. (AC +5)
You are immune to poison.
You resist negative energy. (rN+)
You are resistant to electric shocks. (rElec)
You can survive without breathing.
You are immune to petrification.
You are immune to rotting.


Message History

You see here a large rock.
Menkaure, Prince of Dust comes into view.
Menkaure shouts!
Menkaure casts a spell.
Menkaure seems to speed up.
The cyclops hits you but does no damage.
You slash the cyclops!
The cyclops is lightly wounded.
The cyclops hits you but does no damage.
Menkaure calls on the powers of darkness!
Your body is wracked with pain!
You slash the cyclops!
The cyclops is heavily wounded.
The cyclops hits you!!
The cyclops throws a large rock.
The large rock hits you!!
* * * LOW HITPOINT WARNING * * *
Menkaure hits you but does no damage.
You see here a large rock.
The cyclops throws a large rock.
The large rock hits you!
You die...

########## ##...##...##
##..........## #............#
... #............# ...
#............# #.#
##.........<## ######.#
##...##.....### #......###
#############.@..#####.........
#......# ##.(.C..##.........
#......##### ##M.##..........##
#..........#####.########......
#(.....###....##.###########..#
#......######.......M...# ##..
####.........#...####....# ##(
#########..........#........
###.##.###..........


You could see a cyclops and Menkaure.

Vanquished Creatures
  Sigmund (D:6)
  An ice beast (D:5)
  An orc warrior (D:4)
  2 sky beasts (D:5)
  2 ogres
  A scorpion (D:5)
  A crimson imp (D:4)
  2 bullfrog zombies (D:5)
  A centaur zombie (D:6)
  A hound (D:5)
  An orc priest (D:4)
  An iguana (D:5)
  2 orc wizards
  2 worker ants
  2 hound skeletons (D:6)
  5 adders
  5 gnolls
  3 oozes
  An adder zombie (D:6)
  2 adder skeletons
  2 worms (D:4)
  7 leopard geckos
  14 orcs
  10 bats
  4 giant cockroaches
  9 goblins
  6 hobgoblins
  8 jackals
  2 quokkas
  6 frilled lizards
  A goblin skeleton (D:4)
  2 goblin zombies (D:4)
  A hobgoblin zombie (D:4)
  7 kobolds
  A kobold skeleton (D:4)
  4 orc zombies (D:4)
  15 rats
136 creatures vanquished.

Notes
Turn   | Place    | Note
-------+----------+-------------------------------------------
     0 | D:1      | geeseburger the Gargoyle Fighter began the quest for the
                  | Orb.
     0 | D:1      | Reached XP level 1. HP: 14/14 MP: 1/1
   203 | D:1      | Reached XP level 2. HP: 20/20 MP: 2/2
   206 | D:1      | Reached skill level 4 in Fighting
   505 | D:1      | Reached XP level 3. HP: 7/24 MP: 3/3
  1054 | D:2      | Reached skill level 5 in Fighting
  1067 | D:2      | Reached XP level 4. HP: 23/31 MP: 4/4
  1447 | D:2      | Reached skill level 6 in Fighting
  1663 | D:3      | Found a faded altar of an unknown god.
  1765 | D:3      | Reached XP level 5. HP: 36/36 MP: 5/5
  2401 | D:4      | Noticed an orc warrior
  2420 | D:4      | Killed an orc warrior
  2420 | D:4      | Reached skill level 7 in Fighting
  2420 | D:4      | Reached XP level 6. HP: 12/44 MP: 6/6
  2695 | D:4      | Noticed a moth of wrath
  2698 | D:4      | Found a bloodstained altar of Trog.
  2837 | D:4      | Found a glowing golden altar of the Shining One.
  2944 | D:4      | Reached skill level 8 in Fighting
  3683 | D:5      | Entered Level 5 of the Dungeon
  3683 | D:5      | Noticed a sky beast
  3696 | D:5      | Killed a sky beast
  3696 | D:5      | Reached XP level 7. HP: 41/50 MP: 7/7
  3775 | D:5      | Reached skill level 9 in Fighting
  4320 | D:5      | Found a stormy altar of Qazlal.
  4438 | D:5      | Reached skill level 10 in Fighting
  4443 | D:5      | Reached XP level 8. HP: 35/58 MP: 8/8
  5091 | D:6      | Found a white marble altar of Elyvilon.
  5104 | D:6      | Found a shimmering altar of Xom.
  5125 | D:6      | Found a snail-covered altar of Cheibriados.
  5170 | D:6      | Noticed Sigmund
  5174 | D:6      | Killed Sigmund
  5174 | D:6      | Reached skill level 11 in Fighting
  5180 | D:6      | Found an ancient bone altar of Kikubaaqudgha.
  5242 | D:6      | Found Kiravag's Distillery.
  5251 | D:6      | Bought a potion of heal wounds for 55 gold pieces
  5489 | D:6      | Found a hazy altar of Hepliaklqana.
  5509 | D:6      | Found a hide-covered altar of Uskayaw.
  5509 | D:6      | Found a blossoming altar of Fedhas.
  5509 | D:6      | Found a shattered altar of Ashenzari.
  5518 | D:6      | Found a burning altar of Makhleb.
  5518 | D:6      | Found a glowing silver altar of Zin.
  5806 | D:7      | Noticed a cyclops
  5828 | D:7      | Noticed Menkaure
  5839 | D:7      | Hit by a large rock thrown by a cyclops

Skill      XL: |  1  2  3  4  5  6  7  8 |
---------------+-------------------------+-----
Fighting       | 4 5 6 7 8 10 11 | 11.4
Maces & Flails | |  2.0
Armour         | |  3.2
Shields        | |  3.2

Action                   |  1- 3 |  4- 6 |  7- 9 || total
-------------------------+-------+-------+-------++-------
Melee: Flail             |   117 |   127 |       ||   244
       Battleaxe         |       |    46 |   112 ||   158
  Use: Scroll            |     2 |     6 |     4 ||    12
       Potion            |       |       |     1 ||     1
  Eat: Ration            |     1 |     2 |     2 ||     5
Armor: Scale mail        |    69 |    51 |       ||   120
       Chain mail        |       |    43 |   116 ||   159
Dodge: Dodged            |    41 |    67 |    51 ||   159
Block: Shield            |    78 |    70 |       ||   148
